 Dungeon Crawl Stone Soup version 0.14-a0-2632-gd2f732a (webtiles) character file.

8374 Lektor the Conjurer (level 11, -6/93 HPs)
             Began as a Djinni Conjurer on Feb 15, 2014.
             Was an Elder of Vehumet.
             Killed from afar by Josephine (27 damage)
             ... with a bolt of cold
             ... on Level 10 of the Dungeon.
             The game lasted 01:27:55 (13719 turns).

Lektor the Conjurer (Djinni Conjurer)              Turns: 13719, Time: 01:27:56

HP  -6/93        AC  7     Str  9      XL: 11   Next:  2%
MP   0/0         EV 10     Int 19      God: Vehumet [****..]
Gold 510         SH  0     Dex 13      Spells:  7 memorised, 10 levels left

rFire  + + +     SeeInvis +     o - staff of fire
rCold  x . .     Clarity  .     y - +1 leather armour "Woit" {rPois MR++ Stlth}
rNeg   + + +     Conserve .     (no shield)
rPois  +         rCorr    .     (no helmet)
rElec  .         rRot     .     D - +2 elf cloak
SustAb . .       Spirit   .     (no gloves)
rMut   +         Warding  .     (boots unavailable)
Saprov . . .     Stasis   .     s - amulet "Pemajett" {rMut Stlth}
MR     ++...                    M - ring of see invisible
                                V - ring of wizardry

@: flying, very resistant to hostile enchantments, stealthy
A: fire immunity, cold vulnerability, life protection 3
a: Renounce Religion


You were on level 10 of the Dungeon.
You worshipped Vehumet.
Vehumet was greatly pleased with you.
You were not hungry.

You visited 2 branches of the dungeon, and saw 11 of its levels.

You collected 510 gold pieces.

Inventory:

Hand weapons
 n - a +0,+0 whip of draining
 q - a +1,+1 spear of dragon slaying
 H - a +3,+1 trident
 L - a +0 blowgun
 S - a +1,+3 orcish whip
Missiles
 a - 6 curare-tipped needles
 b - 5 steel darts
 d - 2 darts of flame (quivered)
 g - 27 darts of frost
 i - 6 tomahawks
 j - 42 poisoned needles
 p - 11 stones
 v - 8 javelins
 x - 22 darts
 P - 3 throwing nets
Armour
 y - the +1 leather armour "Woit" (worn) {rPois MR++ Stlth}
   (You found it on level 6 of the Dungeon)

   It protects you from poison.
   It affects your resistance to hostile enchantments.
   It makes you more stealthy.
 D - a +2 elven cloak (worn)
 K - a troll hide
Magical devices
 h - a wand of lightning (7) {unknown}
 A - a wand of flame (12)
 J - a wand of draining (9)
Scrolls
 k - 6 scrolls of identify
 l - 2 scrolls of fear
 m - 6 scrolls of remove curse
 t - a scroll of immolation
 z - a scroll of vulnerability {unknown}
 B - 2 scrolls of amnesia
 E - 3 scrolls of recharging
 G - 2 scrolls of teleportation
 I - a scroll of enchant armour
Jewellery
 e - an uncursed ring of sustain abilities
 f - an uncursed amulet of resist corrosion {unknown}
 s - the amulet "Pemajett" (around neck) {rMut Stlth}
   (You found it on level 8 of the Dungeon)

   [amulet of resist mutation]

   It makes you more stealthy.
 M - a ring of see invisible (right hand)
 O - the ring "Isiwoti" {-Tele Str+2 Dam-3}
   (You found it on level 5 of the Dungeon)

   [ring of strength]

   It affects your strength (+2).
   It affects your damage with ranged weapons and melee attacks (-3).
   It prevents most forms of teleportation.
 V - a ring of wizardry (left hand)
Potions
 r - 3 potions of curing
 w - a potion of speed {unknown}
 C - a potion of berserk rage {unknown}
 F - 2 potions of restore abilities {unknown}
 N - 2 potions of agility {unknown}
 R - a potion of lignification
 U - 2 potions of brilliance {unknown}
Books
 c - a book of Conjurations

   Spells                             Type                      Level
   *Magic Dart                        Conjuration                  1
   *Searing Ray                       Conjuration                  2
   Dazzling Spray                     Conjuration/Hexes            3
   *Iskenderun's Mystic Blast         Conjuration                  4
   *Iskenderun's Battlesphere         Conjuration/Charms           4
   Fulminant Prism                    Conjuration/Hexes            5
 u - a book of Ice

   Spells                             Type                      Level
   Freezing Aura                      Charms/Ice                   2
   Ensorcelled Hibernation            Hexes/Ice                    2
   Ozocubu's Refrigeration            Ice                          6
   Bolt of Cold                       Conjuration/Ice              6
   Freezing Cloud                     Conjuration/Ice/Air          6
   Metabolic Englaciation             Hexes/Ice                    5
   Simulacrum                         Ice/Necromancy               6
 Q - a book of Spatial Translocations

   Spells                             Type                      Level
   Apportation                        Translocation                1
   *Blink                             Translocation                2
   Shroud of Golubria                 Charms/Translocation         2
   Portal Projectile                  Translocation                3
   Teleport Other                     Translocation                3
   Passage of Golubria                Translocation                4
Magical staves
 o - an uncursed staff of fire (weapon)


   Skills:
 * Level 1.7 Fighting
 - Level 3.3 Armour
 - Level 1.7 Dodging
 - Level 2.0 Stealth
 - Level 9.8 Spellcasting
 + Level 12.3 Conjurations
 + Level 7.1 Charms
 - Level 3.0 Translocations
 - Level 5.2 Fire Magic


You had 10 spell levels left.
You knew the following spells:

 Your Spells              Type           Power        Failure   Level  Hunger
a - Magic Dart            Conj           ####         1%          1    None
b - Searing Ray           Conj           ######       1%          2    None
c - Iskenderun's Battles  Conj/Chrm      #####...     1%          4    ###....
d - Iskenderun's Mystic   Conj           ######..     1%          4    ###....
e - Blink                 Tloc           N/A          1%          2    None
f - Conjure Flame         Conj/Fire      ######..     1%          3    None
g - Mephitic Cloud        Conj/Pois/Air  ###.....     1%          3    None


Dungeon Overview and Level Annotations

Branches:
Dungeon (10/16)            Temple (1/1) D:4
    Orc: D:9-12        Lair: D:8-11

Altars:
Ashenzari
Cheibriados
Dithmenos
Elyvilon
Fedhas
Kikubaaqudgha
Makhleb
Okawaru
Sif Muna
Trog
Vehumet
Xom
Yredelemnul
Zin
The Shining One

Annotations:
D:5 Dowan, Duvessa
D:10 Josephine


Innate Abilities, Weirdness & Mutations

You are immune to all types of fire, even holy and hellish.
You are vulnerable to cold.
You need no food.
You have no legs.
You are immune to negative energy.


Message History

The searing ray hits the troll zombie.
Your battlesphere fires!
The barrage of energy hits the troll zombie.
Your magical contamination has completely faded away.
The searing ray hits the troll zombie.
The searing ray hits the two-headed ogre simulacrum.
Your battlesphere fires!
The barrage of energy hits Josephine.
Josephine is lightly wounded.
The troll zombie bites you! The troll zombie claws you.
The troll zombie barely misses you. The hill giant zombie hits you!
* * * LOW HITPOINT WARNING * * *
Josephine gestures at you while chanting.
The bolt of cold hits the hill giant zombie.
The hill giant zombie resists.
The bolt of cold hits the troll zombie.
The troll zombie resists.
The troll zombie is destroyed!
The bolt of cold hits you!
You feel a terrible chill!
One of your 4 potions of curing freezes and shatters!
You die...

#..####.# #.........
#....##.# ##........
#..#.##.# #...%....
#.##.##.# #...)....
####.##.########.###.
#.##.#.........##.
#.##.#.###....%.#.
#.# #.##.%... #@#
#.#.>..). #.# #
#.#..#.
#Z..ZZ......<.....
#@.#.#.##.##.#..#.
#..# # # #.#..#. ....
#.#..#. *#.#. #.#..##
. ..$ .=.##.#..# #.
.# # .........##


You could see Josephine and a hill giant zombie.

Vanquished Creatures
  Maurice (D:9)
  Grinder (D:5)
  2 trolls (D:10)
  Prince Ribbit (D:8)
  12 yaks (D:10)
  2 hill giant zombies
  2 hippogriffs (D:7)
  A hungry ghost (D:7)
  A necrophage (D:8)
  3 sky beasts
  2 phantoms (D:6)
  4 ogres
  3 centaurs
  2 ice beasts
  2 big kobolds
  4 giant frogs
  Edmund (D:7)
  A gnoll sergeant (D:7)
  3 orc warriors
  2 water moccasins
  11 wights
  4 killer bees (D:9)
  A troll skeleton (D:9)
  3 goliath beetles
  4 crimson imps
  2 jellies
  3 hounds
  A centaur skeleton (D:7)
  A giant frog skeleton (D:10)
  2 iguanas
  5 orc wizards
  Natasha (D:4)
  4 orc priests
  A black bear skeleton (D:5)
  A scorpion (D:5)
  5 worker ants
  A killer bee zombie (D:5)
  A hound skeleton (D:4)
  17 gnolls
  10 adders
  2 giant mites (D:3)
  3 worms
  A giant centipede zombie (D:9)
  An iguana zombie (D:9)
  An adder skeleton (D:8)
  2 giant eyeballs
  An iguana skeleton (D:10)
  6 giant geckos
  An ooze (D:1)
  26 orcs
  A ball python (D:2)
  14 bats
  6 giant cockroaches
  11 goblins
  16 hobgoblins
  18 kobolds
  3 quokkas
  6 giant newts
  A giant newt skeleton (D:4)
  2 giant spores
  A jackal (D:2)
  A jackal skeleton (D:6)
  A kobold skeleton (D:4)
  2 orc skeletons
  15 rats
  A rat zombie (D:5)
  9 ballistomycetes
280 creatures vanquished.

Vanquished Creatures (others)
  A troll zombie (D:10)
1 creature vanquished.

Grand Total: 281 creatures vanquished

Notes
Turn   | Place    | Note
--------------------------------------------------------------
     0 | D:1      | Lektor, the Djinni Conjurer, began the quest for the Orb.
     0 | D:1      | Reached XP level 1. HP: 14/14 MP: 0/0
   159 | D:1      | Reached XP level 2. EP: 15/22
   324 | D:1      | Reached skill level 5 in Conjurations
   916 | D:2      | Reached XP level 3. EP: 24/27
  1090 | D:2      | Learned a level 2 spell: Searing Ray
  1849 | D:3      | Reached skill level 6 in Conjurations
  1889 | D:3      | Reached XP level 4. EP: 12/35
  2808 | D:3      | Learned a level 4 spell: Iskenderun's Battlesphere
  2884 | D:4      | Paralysed by a giant eyeball for 3 turns
  2995 | D:4      | Found a staircase to the Ecumenical Temple.
  3005 | Temple   | Entered the Ecumenical Temple
  3342 | D:4      | Noticed Natasha
  3349 | D:4      | Killed Natasha
  3349 | D:4      | Reached XP level 5. EP: 24/40
  3430 | D:4      | Reached skill level 7 in Conjurations
  3692 | D:4      | Reached skill level 1 in Charms
  3992 | D:4      | Found a glowing golden altar of the Shining One.
  3995 | D:4      | Found a shimmering altar of Xom.
  3998 | D:4      | Found a radiant altar of Vehumet.
  4003 | D:4      | Became a worshipper of Vehumet
  4010 | D:4      | Found an iron altar of Okawaru.
  4396 | D:5      | Entered Level 5 of the Dungeon
  4412 | D:5      | Reached XP level 6. EP: 12/47
  4613 | D:5      | Noticed an ice beast
  4673 | D:5      | Got a vibrating golden ring
  4814 | D:5      | Reached skill level 8 in Conjurations
  4922 | D:5      | Noticed Grinder
  4922 | D:5      | Noticed Dowan
  5064 | D:5      | Killed Grinder
  5064 | D:5      | Acquired Vehumet's first power
  5064 | D:5      | Offered knowledge of Flame Tongue by Vehumet.
  5064 | D:5      | Reached XP level 7. EP: 24/53
  5068 | D:5      | Reached skill level 9 in Conjurations
  5245 | D:5      | Learned a level 4 spell: Iskenderun's Mystic Blast
  5266 | D:5      | Noticed Duvessa
  5488 | D:5      | Identified the ring "Isiwoti" {-Tele Str+2 Dam-3} (You found it on level 5 of the Dungeon)
  5946 | D:5      | Killed an ice beast
  6366 | D:6      | Reached XP level 8. EP: 46/63
  6578 | D:6      | Got an encrusted leather armour
  6591 | D:6      | Identified the +1 leather armour "Woit" {rPois MR++ Stlth} (You found it on level 6 of the Dungeon)
  6662 | D:6      | Reached skill level 10 in Conjurations
  6810 | D:7      | Learned a level 2 spell: Blink
  6826 | D:7      | Reached skill level 1 in Translocations
  7043 | D:7      | Reached skill level 5 in Spellcasting
  7315 | D:7      | Reached skill level 5 in Charms
  7316 | D:7      | Offered knowledge of Freeze by Vehumet.
  7423 | D:7      | Found a basalt altar of Yredelemnul.
  7440 | D:7      | Found a blossoming altar of Fedhas.
  7523 | D:7      | Noticed Edmund
  7532 | D:7      | Killed Edmund
  7532 | D:7      | Reached XP level 9. EP: 30/74
  8017 | D:7      | Reached skill level 1 in Armour
  8426 | D:7      | Paralysed by a giant eyeball for 3 turns
  8435 | D:7      | Paralysed by a giant eyeball for 4 turns
  8545 | D:8      | Offered knowledge of Conjure Flame by Vehumet.
  8550 | D:8      | Learned a level 3 spell: Conjure Flame
  8673 | D:8      | Got a shimmering tin amulet
  8675 | D:8      | Identified the amulet "Pemajett" {rMut Stlth} (You found it on level 8 of the Dungeon)
  8893 | D:8      | Noticed Prince Ribbit
  8896 | D:8      | Reached skill level 1 in Fire Magic
  8899 | D:8      | Paralysed by a potion of paralysis for 3 turns
  8900 | D:8      | HP: 3/76 [Prince Ribbit (8)]
  9209 | D:8      | Killed Prince Ribbit
  9536 | D:8      | Acquired Vehumet's second power
 10066 | D:8      | Found a shadowy altar of Dithmenos.
 10351 | D:8      | Found a bloodstained altar of Trog.
 10450 | D:9      | Noticed Maurice
 10566 | D:9      | Reached XP level 10. EP: 52/84
 10570 | D:9      | Offered knowledge of Mephitic Cloud by Vehumet.
 10575 | D:9      | Learned a level 3 spell: Mephitic Cloud
 10718 | D:9      | Killed Maurice
 11905 | D:10     | Entered Level 10 of the Dungeon
 12085 | D:10     | Reached skill level 11 in Conjurations
 12125 | D:10     | Acquired Vehumet's third power
 12125 | D:10     | Reached skill level 5 in Fire Magic
 12523 | D:10     | Offered knowledge of Venom Bolt by Vehumet.
 13251 | D:10     | Reached skill level 1 in Fighting
 13252 | D:10     | Reached skill level 12 in Conjurations
 13436 | D:10     | Reached XP level 11. EP: 42/93
 13713 | D:10     | Noticed Josephine
 13719 | D:10     | Killed from afar by Josephine

Action                   |  1- 3 |  4- 6 |  7- 9 | 10-12 || total
-------------------------+-------+-------+-------+-------++-------
Melee: Short sword       |     7 |       |       |       ||     7
       Quarterstaff      |       |       |     6 |       ||     6
       Trident           |       |       |       |    58 ||    58
 Cast: Magic Dart        |    81 |   139 |   210 |   106 ||   536
       Searing Ray       |     1 |     8 |    20 |    21 ||    50
       Iskenderun's Batt |       |     1 |    27 |    19 ||    47
       Iskenderun's Myst |       |       |     6 |     1 ||     7
       Conjure Flame     |       |       |     3 |     1 ||     4
       Blink             |       |       |     2 |     1 ||     3
Evoke: Wand              |       |     1 |     4 |       ||     5
  Use: Potion            |     1 |     2 |     3 |     1 ||     7
       Scroll            |       |       |    14 |     1 ||    15
